 Dungeon Crawl Stone Soup version 0.28-a0-21-gf74fda84f9 (webtiles) character file.

Game seed: 1940715175712259068

2305 McSplat the Conjurer (level 9, 0/68 HPs)
             Began as a Red Draconian Wanderer on July 24, 2021.
             Was a Priest of Makhleb.
             Slain by a killer bee (3 damage)
             ... on level 8 of the Dungeon on July 26, 2021.
             The game lasted 00:19:20 (8813 turns).

McSplat the Conjurer (Red Draconian Wanderer)       Turns: 8813, Time: 00:19:20

Health: 0/68       AC:  8    Str: 16    XL:     9   Next: 18%
Magic:  4/12       EV: 11    Int: 15    God:    Makhleb [***...]
Gold:   388        SH:  0    Dex: 10    Spells: 7/12 levels left

rFire   + . .      SeeInvis +   q - +8 hand axe of Insomnia {pain, rPois rC- rCorr SInv}
rCold   x . .      Faith    +   (no shield)
rNeg    . . .      Spirit   .   (armour unavailable)
rPois   +          Reflect  .   (helmet restricted)
rElec   .          Harm     .   w - scarf {+Inv}
rCorr   +          Rampage  .   p - +0 pair of gloves
Will    .....                   (no boots)
Stlth   +.........              s - amulet of faith
HPRegen 0.21/turn               t - ring of wizardry
MPRegen 0.13/turn               (no ring)

@: no status effects
A: breathe fire, AC +7, unfitting armour, fire resistance 1, cold-blooded
a: Breathe Fire, Renounce Religion, Evoke Invisibility, Minor Destruction,
Lesser Servant of Makhleb


You were on level 8 of the Dungeon.
You worshipped Makhleb.
Makhleb was most pleased with you.
You visited 1 branch of the dungeon, and saw 8 of its levels.
You also visited: Sewer.

You collected 388 gold pieces.

Inventory:

Hand Weapons
 q - the +8 hand axe of Insomnia (weapon) {pain, rPois rC- rCorr SInv}
   (You found it on level 5 of the Dungeon)

   In the hands of one skilled in necromantic magic, it inflicts extra damage on
   living creatures.
   rC:        It makes you vulnerable to cold.
   rPois:     It protects you from poison.
   SInv:      It lets you see invisible.
   rCorr:     It protects you from acid and corrosion.
Missiles
 m - 3 throwing nets (quivered)
Armour
 a - a +0 cloak
 p - a +0 pair of gloves (worn)
 w - a scarf of invisibility (worn)
Jewellery
 h - an amulet of regeneration
 s - an amulet of faith (around neck)
 t - a ring of wizardry (left hand)
Wands
 i - a wand of mindburst (18)
 y - a wand of acid (5)
Scrolls
 b - 2 scrolls of fear
 c - 3 scrolls of enchant weapon
 d - 2 scrolls of torment {unknown}
 e - 4 scrolls of teleportation
 f - 2 scrolls of blinking
 j - a scroll of silence {unknown}
 n - a scroll of fog {unknown}
Potions
 g - a potion of magic
 k - 2 potions of curing
 l - 3 potions of berserk rage
 o - 4 potions of heal wounds
 r - a potion of attraction {unknown}
 u - a potion of cancellation {unknown}
 v - a potion of mutation {unknown}
 x - a potion of might {unknown}
 z - a potion of degeneration {unknown}


   Skills:
 - Level 2.9 Fighting
 - Level 1.2 Short Blades
 + Level 6.3(7.2) Axes
 - Level 4.9(6.4) Maces & Flails
 - Level 1.0 Throwing
 - Level 1.0 Stealth
 - Level 1.0 Shields
 - Level 3.0 Unarmed Combat
 - Level 2.0 Spellcasting
 - Level 6.4 Conjurations
 - Level 1.0 Necromancy
 - Level 2.0 Air Magic
 - Level 3.0 Poison Magic
 + Level 2.7 Invocations
 + Level 2.4 Evocations


You had 7 spell levels left.
You knew the following spells:

 Your Spells              Type           Power      Damage    Failure   Level
a - Searing Ray           Conj           40%        3d4       1%          2
b - Static Discharge      Conj/Air       14%        N/A       2%          2
c - Animate Skeleton      Necr           8%         N/A       6%          1

Your spell library contained the following spells:

 Spells                   Type           Power      Damage    Failure   Level
 Pain                     Necr           16%        1d4       6%          1
 Vampiric Draining        Necr           2%         2d6       17%         3
 Tukima's Dance           Hex            1%         N/A       26%         3
 Passage of Golubria      Tloc           N/A        N/A       61%         4
 Yara's Violent Unravell  Hex/Tmut       0%         3d3       91%         5


Dungeon Overview and Level Annotations

Branches:
Dungeon (8/15)             Temple (0/1) D:5           Sewer (visited)
   Lair: D:8-11

Altars:
Cheibriados
Kikubaaqudgha
Makhleb
Nemelex Xobeh
Okawaru
Yredelemnul


Innate Abilities, Weirdness & Mutations

You can breathe blasts of fire.
Your fiery red scales are hard. (AC +7)
You cannot fit into any form of body armour.
Your flesh is heat resistant. (rF+)
You are cold-blooded and may be slowed by cold attacks.


Message History

Confirm with . or Enter, or press ? or * to list all spells.
The killer bee is struck by an arc of lightning.
The killer bee is severely wounded.
The killer bee is struck by an arc of lightning.
The killer bee is moderately wounded.
The lightning grounds out.
The killer bee completely misses you.
The killer bee stings you but does no damage. x2
The killer bee stings you!
You are poisoned.
The killer bee poisons you!
The killer bee stings you but does no damage.
The killer bee barely misses you. The killer bee closely misses you. x2
Unknown command.
Unknown command.
Casting: Static Discharge (safe; 2% risk of failure)
Confirm with . or Enter, or press ? or * to list all spells.
The killer bee is struck by an arc of lightning!
The killer bee is almost dead.
The killer bee is struck by an arc of lightning.
The killer bee is severely wounded.
The lightning grounds out.
You feel very sick. The killer bee stings you.
* * * LOW HITPOINT WARNING * * *
The killer bee misses you. The killer bee completely misses you.
The killer bee misses you. The killer bee barely misses you.
The killer bee stings you but does no damage.
The killer bee barely misses you. x2
Unknown command.
Unknown command.
You feel better. The killer bee misses you. The killer bee stings you.
* * * LOW HITPOINT WARNING * * *
The killer bee stings you but does no damage.
The killer bee stings you.
* * * LOW HITPOINT WARNING * * *
The killer bee stings you.
* * * LOW HITPOINT WARNING * * *
The killer bee closely misses you. The killer bee barely misses you.
The killer bee stings you.
You die...

..... .# . .... .# .. ... ..
... (.##. .... .... . .....#.F#
... ......yy##.....
......y@...# ...
.##....y....... ...
#............ ...
#...?##........##..#
#.###....#..(....... ##
..##[.............#############
................######.........
.....#.........# #.##........[.
............##.# #.......#####


You could see a bullfrog and 4 killer bees.

Vanquished Creatures
  Grinder (D:6)
  Duvessa (D:7)
  A water moccasin (D:8)
  A sky beast (D:5)
  A black bear (D:6)
  A centaur (D:5)
  An ogre (D:5)
  2 phantoms
  3 bullfrogs
  Dowan (D:7)
  A wyvern zombie (D:6)
  A killer bee (D:7)
  A howler monkey (D:6)
  A centaur zombie (D:7)
  An orc priest (D:8)
  2 hounds
  2 jellies
  2 gnoll shamans (D:8)
  2 iguanas
  2 orc wizards (D:7)
  A scorpion zombie (D:5)
  3 hound skeletons
  A howler monkey zombie (D:7)
  10 adders
  16 gnolls
  A howler monkey skeleton (D:4)
  A shadow imp (D:7)
  A white imp (D:6)
  2 adder skeletons (D:4)
  4 worms
  7 dart slugs
  9 orcs
  8 ball pythons
  A bat zombie (D:8)
  7 endoplasms
  5 giant cockroaches
  7 goblins
  9 hobgoblins
  9 jackals
  11 kobolds
  6 quokkas
  3 bats
  9 frilled lizards
  4 rats
  3 rat zombies (D:8)
166 creatures vanquished.

Vanquished Creatures (collateral kills)
  A bullfrog (D:6)
  A kobold brigand (D:6)
  A water moccasin zombie (D:6)
  An endoplasm (D:4)
4 creatures vanquished.

Vanquished Creatures (others)
  A plant (D:3)
1 creature vanquished.

Grand Total: 171 creatures vanquished

Notes
Turn   | Place    | Note
-------+----------+-------------------------------------------
     0 | D:1      | McSplat the Draconian Wanderer began the quest for the Orb.
     0 | D:1      | McSplat set off with the following items: a +2 dagger, a
                  | scroll of fear, a potion of curing; and the following
                  | spells available to memorise: Searing Ray, Static Discharge
     0 | D:1      | Reached XP level 1. HP: 16/16 MP: 1/1
    50 | D:1      | Reached skill level 1 in Short Blades
   125 | D:1      | Reached XP level 2. HP: 24/24 MP: 2/2
   656 | D:1      | Reached skill level 1 in Maces & Flails
   698 | D:1      | Reached XP level 3. HP: 18/29 MP: 3/3
   816 | D:1      | Learned a level 2 spell: Searing Ray
  1654 | D:2      | Reached XP level 4. HP: 24/36 MP: 4/4
  1752 | D:2      | Learned a level 2 spell: Static Discharge
  1797 | D:2      | Reached skill level 1 in Conjurations
  2127 | D:2      | Reached skill level 1 in Spellcasting
  2583 | D:2      | Found a burning altar of Makhleb.
  2682 | D:2      | Became a worshipper of Makhleb the Destroyer
  2774 | D:3      | Found a glowing drain.
  2787 | Sewer    | Entered a sewer
  2812 | Sewer    | Reached skill level 1 in Air Magic
  3123 | Sewer    | Reached XP level 5. HP: 36/41 MP: 6/6
  3721 | D:3      | Reached * piety under Makhleb
  3727 | D:3      | Found a sparkling altar of Nemelex Xobeh.
  3855 | D:3      | Found a faded altar of an unknown god.
  4079 | D:4      | Reached XP level 6. HP: 46/48 MP: 9/9
  4224 | D:4      | Learned a level 1 spell: Animate Skeleton
  4408 | D:4      | Found a snail-covered altar of Cheibriados.
  4516 | D:4      | Reached skill level 1 in Necromancy
  5025 | D:5      | Entered Level 5 of the Dungeon
  5025 | D:5      | Found a staircase to the Ecumenical Temple.
  5213 | D:5      | Noticed a sky beast
  5240 | D:5      | Killed a sky beast
  5241 | D:5      | Your scales start taking on a fiery red colour.
  5241 | D:5      | Reached XP level 7. HP: 51/55 MP: 8/10
  5241 | D:5      | Gained mutation: Your flesh is heat resistant. (rF+) [Red
                  | Draconian growth]
  5672 | D:5      | Identified the +8 hand axe of Insomnia {pain, rPois rC-
                  | rCorr SInv}
  5805 | D:5      | Reached skill level 1 in Axes
  5911 | D:5      | Found a basalt altar of Yredelemnul.
  6124 | D:5      | Upgraded the game from 0.28-a0-8-g6e044cfa68 to
                  | 0.28-a0-21-gf74fda84f9
  6232 | D:6      | Reached ** piety under Makhleb
  6291 | D:6      | Reached skill level 5 in Conjurations
  6339 | D:6      | Reached XP level 8. HP: 61/61 MP: 6/11
  6646 | D:6      | Noticed Grinder
  6650 | D:6      | Killed Grinder
  6924 | D:6      | Reached skill level 5 in Axes
  7544 | D:7      | Noticed Duvessa
  7547 | D:7      | Noticed Dowan
  7555 | D:7      | Killed Duvessa
  7556 | D:7      | Reached skill level 1 in Invocations
  7556 | D:7      | Reached skill level 1 in Evocations
  7560 | D:7      | Killed Dowan
  7831 | D:7      | Reached XP level 9. HP: 68/68 MP: 9/12
  7835 | D:7      | Found an iron altar of Okawaru.
  8258 | D:8      | Reached *** piety under Makhleb
  8268 | D:8      | Found an ancient bone altar of Kikubaaqudgha.
  8813 | D:8      | HP: 3/68 [killer bee (6)]
  8813 | D:8      | Slain by a killer bee

Illustrated notes

Levels and vault maps discovered:
D:1:      psy_arrival_conway, layout_rooms, st_stairs_1, minmay_domino_2
D:2:      layout_basic, basic_altar, serial_co_window_serial,
          co_window_corner_a, co_window_paths_b, co_window_paths_b,
          co_window_corner_a, co_window_paths_b, co_window_unsneaky_path_b,
          co_window_broadway_a, co_window_paths_c, co_window_unsneaky_path_c,
          co_window_unsneaky_path_d, co_window_broadway_b, co_window_2corner,
          co_window_paths_d, cheibrodos_gnoll_hut
D:3:      layout_basic, nemelex_dance_club_becter, portal_sewer_entry_b,
          shapermc_ecumenical_altar_acropolis
D:4:      layout_loops_ring, kennysheep_slug_shrine
D:5:      layout_loops_cross, mainiacjoe_overflow_concentric_impassable,
          minmay_temple_entry_gardened_gates
D:6:      layout_rooms, uniq_grinder
D:7:      layout_loops_ring, kennysheep_okawaru_gauntlet, uniq_duvessa
D:8:      layout_layer_cave, lemuel_zombie_altar_kikubaaqudgha, uniq_pikel

Skill      XL: |  1  2  3  4  5  6  7  8  9 |
---------------+----------------------------+-----
Short Blades   | 1 |  1.2
Fighting       | 2 |  2.9
Maces & Flails | 1 2 3 4 |  4.9
Conjurations   | 1 2 3 5 6 |  6.4
Spellcasting   | 1 2 |  2.0
Air Magic      | 1 2 |  2.0
Necromancy     | 1 |  1.0
Axes           | 2 5 6 |  6.3
Invocations    | 1 2 |  2.7
Evocations     | 1 2 |  2.4
Throwing       | |  1.0
Stealth        | |  1.0
Shields        | |  1.0
Unarmed Combat | |  3.0
Poison Magic   | |  3.0

Action                   |  1- 3 |  4- 6 |  7- 9 || total
-------------------------+-------+-------+-------++-------
Melee: Dagger            |    36 |       |       ||    36
       Tailslap          |    12 |    23 |    12 ||    47
       Whip              |    81 |   231 |    13 ||   325
       Hand axe          |       |       |    98 ||    98
       Punch             |       |       |     1 ||     1
Throw: Throwing net      |       |     1 |     1 ||     2
 Cast: Static Discharge  |       |     6 |    10 ||    16
       Searing Ray       |       |     6 |    23 ||    29
       Animate Skeleton  |       |     1 |    10 ||    11
 Abil: Breathe Fire      |       |       |    14 ||    14
Evoke: Wand              |       |     2 |     7 ||     9
  Use: Potion            |     1 |       |     1 ||     2
       Scroll            |     1 |     4 |     4 ||     9
 Stab: Sleeping          |     3 |     5 |       ||     8
Armor: Skin              |    33 |    79 |    52 ||   164
Dodge: Dodged            |    72 |   129 |    96 ||   297

Table legend: (Time is in decaauts)
 A = Elapsed time spent in this place.
 B = Non-inter-level travel time spent in this place.
 C = Inter-level travel time spent in this place.
 D = Time resting spent in this place.
 E = Time spent auto-exploring this place.
 F = Levels seen in this place.
 G = Mean time per level.
                   A        B        C        D        E       F      G
               +--------+--------+--------+--------+--------+-----+--------+
         Total |   8861 |   8536 |    325 |   2070 |   5130 |   9 |  984.6 |
       Dungeon |   8103 |   7778 |    325 |   1685 |   4889 |   8 | 1012.9 |
         Sewer |    757 |    757 |      0 |    385 |    241 |   1 |  757.0 |
               +--------+--------+--------+--------+--------+-----+--------+

Top non-repeatable levels by time:
     D:2: 1456 daAuts
     D:4: 1384 daAuts
     D:7: 1305 daAuts
     D:1: 1244 daAuts
     D:5: 895 daAuts
     D:6: 842 daAuts
   Sewer: 757 daAuts
     D:8: 489 daAuts
     D:3: 484 daAuts
